 Dungeon Crawl Stone Soup version 0.28.0-45-g0d030f2227 (webtiles) character file.

Game seed: 16638447500746018847

16506 psko the Thaumaturge (level 12, -2/44 HPs)
             Began as a Spriggan Conjurer on Apr 10, 2022.
             Was a Priest of Vehumet.
             Slain by Rupert
             ... wielding a +6 battleaxe of flaming
              (16 damage)
             ... on level 12 of the Dungeon on Apr 17, 2022.
             The game lasted 03:43:36 (20105 turns).

psko the Thaumaturge (Spriggan Conjurer)           Turns: 20105, Time: 03:43:36

Health: -2/44      AC:  7    Str:  5      XL:     12   Next: 10%
Magic:  6/39       EV: 18    Int: 21      God:    Vehumet [***...]
Gold:   1103       SH:  0    Dex:  8 (13) Spells: 8/38 levels left

rFire   . . .      SeeInvis +   r - +6 short sword of Gyuh {drain, rPois MP+9}
rCold   . . .      Faith    .   h - +0 buckler
rNeg    + . .      Spirit   .   a - +0 robe {rN+}
rPois   +          Reflect  .   (helmet restricted)
rElec   .          Harm     .   e - +0 cloak
rCorr   .          Rampage  .   (gloves unavailable)
Will    ++...      Rage     1%  (boots unavailable)
Stlth   +.........              B - amulet of regeneration
HPRegen 0.94/turn               L - ring of flight
MPRegen 0.26/turn               p - +4 ring of protection

@: confused, flying, very quick
A: very small, no large weapons, unfitting armour, see invisible, speed 3,
berserk 1, clumsy 1, deterioration 1, frail 2
a: Renounce Religion


You were on level 12 of the Dungeon.
You worshipped Vehumet.
Vehumet was most pleased with you.
You visited 5 branches of the dungeon, and saw 18 of its levels.

You collected 1103 gold pieces.

Inventory:

Hand Weapons
 j - a +3 hand axe
 o - a +0 quarterstaff of freezing
 r - the +6 short sword of Gyuh (weapon) {drain, rPois MP+9}
   (You found it on level 4 of the Dungeon)

   A truly terrible weapon, it drains the life of any living foe it strikes.
   rPois:     It protects you from poison.
   MP:        It affects your magic capacity (+9).
 w - a +1 dagger of venom
 y - the +6 hand axe "Otithriz" {drain, Will+ Str+5}
   (You took it off a centaur on level 6 of the Dungeon)

   A truly terrible weapon, it drains the life of any living foe it strikes.
   Str:       It affects your strength (+5).
   Will:      It increases your willpower.
 F - a +7 great mace
 P - a +1 vampiric dagger
 T - a +1 dagger of venom
Missiles
 s - 4 throwing nets
 D - 22 poisoned darts
Armour
 a - a +0 robe of positive energy (worn)
 c - a +2 robe of fire resistance
 e - a +0 cloak (worn)
 h - a +0 buckler (worn)
 M - a +1 animal skin
 Q - a +2 robe of fire resistance
 R - a +1 robe of the Archmagi
 U - a +0 troll leather armour
Jewellery
 b - an amulet of magic regeneration
 n - a ring of fire
 p - a +4 ring of protection (right hand)
 B - an amulet of regeneration (around neck)
 L - a ring of flight (left hand)
 O - a ring of positive energy
Wands
 C - a wand of polymorph (10)
 G - a wand of digging (6)
 N - a wand of mindburst (4)
Scrolls
 i - 2 scrolls of fog
 q - 3 scrolls of teleportation
 t - 4 scrolls of blinking
 v - a scroll of magic mapping
 x - 2 scrolls of silence
 A - a scroll of summoning
 H - 2 scrolls of holy word
 I - 3 scrolls of fear
 K - a scroll of vulnerability
Potions
 d - 3 potions of might
 f - 2 potions of haste
 g - a potion of resistance
 k - 3 potions of curing
 l - 2 potions of heal wounds
 m - a potion of brilliance {unknown}
 u - 4 potions of attraction {unknown}
 z - a potion of lignification {unknown}
 J - a potion of flight {unknown}
 S - a potion of ambrosia {unknown}


   Skills:
 + Level 2.9 Fighting
 + Level 6.7 Short Blades
 + Level 9.5 Dodging
 + Level 5.8 Stealth
 + Level 3.7 Shields
 + Level 13.8 Spellcasting
 + Level 9.1 Conjurations
 + Level 1.6 Air Magic
 + Level 2.1 Evocations


You had 8 spell levels left.
You knew the following spells:

 Your Spells              Type           Power      Damage    Failure   Level
a - Magic Dart            Conj           100%       1d8       1%          1
b - Searing Ray           Conj           100%       2d8       1%          2
c - Dazzling Flash        Conj/Hex       66%        N/A       1%          3
d - Iskenderun's Mystic   Conj/Tloc      33%        2d8       3%          4
e - Fulminant Prism       Conj/Hex       16%        3d11      3%          4
f - Shock                 Conj/Air       100%       1d9       1%          1
g - Blink                 Tloc           28%        N/A       13%         2
h - Lesser Beckoning      Tloc           14%        N/A       26%         3
i - Sublimation of Blood  Necr           14%        N/A       13%         2
j - Freeze                Ice            56%        1d7       2%          1
k - Apportation           Tloc           28%        N/A       9%          1
l - Stone Arrow           Conj/Erth      66%        3d11      1%          3
m - Swiftness             Air            21%        N/A       13%         3

Your spell library contained the following spells:

 Spells                   Type           Power      Damage    Failure   Level
 Irradiate                Conj/Tmut      16%        3d19      11%         5
 Airstrike                Air            10%        N/A       12%         4
 Ensorcelled Hibernation  Hex/Ice        28%        N/A       13%         2
 Spider Form              Tmut/Pois      14%        N/A       26%         3
 Anguish                  Hex/Necr       7%         N/A       65%         4
 Petrify                  Tmut/Erth      14%        N/A       65%         4
 Alistair's Intoxication  Tmut/Pois      9%         N/A       94%         5
 Manifold Assault         Tloc           14%        N/A       94%         5


Dungeon Overview and Level Annotations

Branches:
Dungeon (13/15)            Temple (1/1) D:6            Lair (1/6) D:8
    Orc (2/2) D:10            Elf (1/3) Orc:2
 Vaults: D:13-14

Altars:
Ashenzari
Cheibriados
Dithmenos
Elyvilon
Fedhas
Gozag
Hepliaklqana
Kikubaaqudgha
Makhleb
Nemelex Xobeh
Okawaru
Qazlal
Ru
Sif Muna
Trog
Uskayaw
Vehumet
Wu Jian
Xom
Yredelemnul
Zin
The Shining One

Shops:
Orc:2 [

Annotations:
D:12 Rupert
Orc:2 NiggerDarts's ghost, journeyman HuFi


Innate Abilities, Weirdness & Mutations

You are very small and have problems with some larger weapons.
You are too small for most types of armour.
You have supernaturally acute eyesight. (SInv)
You cover ground extremely quickly. (Speed+++)
You tend to lose your temper in combat.
You are clumsy. (Dex -2)
Your body sometimes deteriorates upon taking damage.
You are very frail. (-20% HP)


Message History

Aiming: Magic Dart (safe; 1% risk of failure)
Press: ? - help, Shift-Dir - straight line, f/p - Rupert
Aim: Rupert, wielding a +6 battleaxe of flaming and wearing a +0 scale mail of cold resistance (heavily wounded, 100% to hit)
The magic dart hits Rupert but does no damage.
Rupert is heavily wounded.
Casting: Magic Dart (safe; 1% risk of failure)
Confirm with . or Enter, or press ? or * to list all spells.
Aiming: Searing Ray (safe; 1% risk of failure)
Press: ? - help, Shift-Dir - straight line, f/p - Rupert
Aim: Rupert, wielding a +6 battleaxe of flaming and wearing a +0 scale mail of cold resistance (heavily wounded, 85% to hit)
The searing ray hits Rupert!
Rupert is heavily wounded. (Press . to maintain the ray.)
Casting: Searing Ray (safe; 1% risk of failure)
Confirm with . or Enter, or press ? or * to list all spells.
Restarting spell: Searing Ray (safe; 1% risk of failure)
Press: ? - help, Shift-Dir - straight line, f/p - Rupert
Aim: Rupert, wielding a +6 battleaxe of flaming and wearing a +0 scale mail of cold resistance (heavily wounded, 85% to hit)
The searing ray hits Rupert!
Rupert is severely wounded. (Press . to maintain the ray.)
You hit Rupert.
Rupert is severely wounded.
You closely miss Rupert.
Rupert is severely wounded.
Rupert yells loudly at you.
You are confused.
You barely miss Rupert.
Rupert is severely wounded.
Rupert screams, "Hurray!"
Rupert hits you with a +6 battleaxe of flaming!!
Ouch! That really hurt!
Rupert burns you.
* * * LOW HITPOINT WARNING * * *
Rupert roars madly and goes into a rage!
Rupert goes berserk!
Rupert rages.
You bump into the rock wall.
Rupert hits you with a +6 battleaxe of flaming!
You die...

#.........# (.#.............
#...>.....# #..#.<#######....
#.........# #..#..# #....
##........### #..#..# #....
#..........###..#..# #....
#...............#..# #....
#...............#..# #....
#.....#######@..#..#######....
##.....# #@..#..........###
#......# #...###'########..
#......# #.................
#......# #.................
#.....@#######.................
######.........................
#......###################
########


You could see Rupert (berserk).

Vanquished Creatures
  A hydra (D:11)
  A boulder beetle (D:11)
  2 two-headed ogres
  The ghost of Tungsten the Arsonist, a journeyman OpFE of Vehumet (D:7)
  An orc sorcerer (D:10)
  The ghost of kwass the Shield-Bearer, a novice GnFi of Elyvilon (D:5)
  An unseen horror (D:12)
  3 trolls
  A hornet (D:7)
  3 meliai zombies (D:10)
  Sigmund (D:2)
  3 wyverns
  A vampire (D:9)
  A wraith (D:9)
  13 yaks
  Grum (D:9)
  A steam dragon (D:10)
  4 vampire mosquitoes (D:11)
  3 wargs (D:8)
  A water moccasin (D:6)
  2 black bears
  7 orc warriors
  A sky beast (D:6)
  7 ogres
  A necrophage (D:7)
  4 wolves (D:9)
  4 centaurs
  A phantom (D:4)
  2 bullfrogs
  A kobold brigand (D:11)
  3 wyvern zombies
  2 water moccasin zombies (D:6)
  2 scorpions
  A water moccasin skeleton (D:5)
  5 killer bees (D:9)
  3 wights (D:4)
  2 howler monkeys
  A crimson imp (D:7)
  13 centaur zombies
  5 hounds
  A jelly (D:4)
  6 orc priests
  2 iguanas
  A scorpion zombie (D:5)
  12 orc wizards
  A howler monkey zombie (D:7)
  5 adders
  16 gnolls
  3 white imps
  An ufetubus (D:4)
  An adder skeleton (D:4)
  3 worms
  29 orcs
  8 endoplasms
  3 goblins
  16 hobgoblins
  2 jackals
  12 kobolds
  2 quokkas
  5 ball pythons
  5 bats
  3 frilled lizards
  8 rats
256 creatures vanquished.

Vanquished Creatures (others)
  An orc (D:10)
  A plant (D:8)
2 creatures vanquished.

Grand Total: 258 creatures vanquished

Notes
Turn   | Place    | Note
-------+----------+-------------------------------------------
     0 | D:1      | psko the Spriggan Conjurer began the quest for the Orb.
     0 | D:1      | Reached XP level 1. HP: 9/9 MP: 5/5
   250 | D:1      | Reached XP level 2. HP: 13/13 MP: 0/6
   793 | D:1      | Reached skill level 3 in Spellcasting
  1190 | D:2      | Reached XP level 3. HP: 13/16 MP: 2/8
  1203 | D:2      | Learned a level 2 spell: Searing Ray
  1430 | D:2      | Noticed Sigmund
  1924 | D:2      | Killed Sigmund
  1925 | D:2      | Reached skill level 4 in Spellcasting
  1925 | D:2      | Reached XP level 4. HP: 18/21 MP: 1/11
  1925 | D:2      | Reached XP level 5. HP: 21/24 MP: 1/13
  2626 | D:3      | Reached XP level 6. HP: 28/28 MP: 9/14
  3247 | D:4      | Reached skill level 5 in Spellcasting
  3303 | D:4      | Found a snail-covered altar of Cheibriados.
  3348 | D:4      | Found an ancient bone altar of Kikubaaqudgha.
  3420 | D:4      | Identified the +6 short sword of Gyuh {drain, rPois MP+9}
  3843 | D:4      | Reached skill level 6 in Spellcasting
  3843 | D:4      | Reached skill level 5 in Conjurations
  3843 | D:4      | Reached XP level 7. HP: 27/32 MP: 17/17
  4191 | D:5      | Entered Level 5 of the Dungeon
  4205 | D:5      | Learned a level 3 spell: Dazzling Flash
  4694 | D:5      | Reached skill level 1 in Shields
  4694 | D:5      | Reached skill level 7 in Spellcasting
  4746 | D:5      | Found a transporter.
  4749 | D:5      | Noticed kwass's ghost (novice GnFi)
  4751 | D:5      | Found a transporter.
  4880 | D:5      | Reached XP level 8. HP: 36/36 MP: 20/20
  5667 | D:6      | Reached skill level 8 in Spellcasting
  6209 | D:6      | Found an iron altar of Okawaru.
  6233 | D:6      | Found a staircase to the Ecumenical Temple.
  6248 | Temple   | Entered the Ecumenical Temple
  6325 | Temple   | Became a worshipper of Sif Muna the Loreminder
  6573 | D:6      | Identified the +6 hand axe "Otithriz" {drain, Will+ Str+5}
  6621 | D:6      | Reached skill level 9 in Spellcasting
  6685 | D:6      | Learned a level 4 spell: Iskenderun's Mystic Blast
  6690 | D:6      | Learned a level 4 spell: Fulminant Prism
  7862 | D:7      | Found a burning altar of Makhleb.
  7862 | D:7      | Found a radiant altar of Vehumet.
  7868 | D:7      | Reached XP level 9. HP: 39/39 MP: 23/23
  7941 | D:7      | Fell from the grace of Sif Muna
  7941 | D:7      | Became a worshipper of Vehumet
  8168 | D:7      | Found a glowing silver altar of Zin.
  9065 | D:5      | Killed kwass's ghost
  9066 | D:5      | Reached skill level 5 in Dodging
  9066 | D:5      | Reached skill level 5 in Stealth
  9066 | D:5      | Reached skill level 10 in Spellcasting
  9307 | D:8      | Found a runed translucent door.
  9307 | D:8      | Noticed Tungsten's ghost (journeyman OpFE)
  9395 | D:7      | Killed Tungsten's ghost
  9396 | D:7      | Reached skill level 1 in Short Blades
  9396 | D:7      | Reached skill level 1 in Evocations
  9682 | D:7      | Reached skill level 11 in Spellcasting
 10294 | D:8      | Found a staircase to the Lair.
 10366 | D:8      | Reached * piety under Vehumet
 10366 | D:8      | Offered knowledge of Shock by Vehumet.
 10367 | D:8      | Reached XP level 10. HP: 44/44 MP: 21/26
 10369 | D:8      | Learned a level 1 spell: Shock
 10680 | Lair:1   | Entered Level 1 of the Lair of Beasts
 10683 | Lair:1   | Noticed a cane toad
 10693 | Lair:1   | Found a hide-covered altar of Uskayaw.
 10695 | Lair:1   | Noticed a boulder beetle
 10974 | D:8      | Learned a level 2 spell: Blink
 10978 | D:8      | Learned a level 3 spell: Lesser Beckoning
 11865 | D:9      | Learned a level 2 spell: Sublimation of Blood
 11914 | D:9      | Reached skill level 12 in Spellcasting
 12474 | D:9      | Found a broken altar of Ashenzari.
 13470 | D:9      | Noticed Grum
 13491 | D:9      | Reached skill level 1 in Air Magic
 13531 | D:9      | Killed Grum
 13752 | D:10     | Entered Level 10 of the Dungeon
 13874 | D:10     | Found a staircase to the Orcish Mines.
 13883 | Orc:1    | Entered Level 1 of the Orcish Mines
 14267 | Orc:1    | Offered knowledge of Freeze by Vehumet.
 14279 | D:10     | Reached ** piety under Vehumet
 14280 | D:10     | Reached skill level 1 in Fighting
 14419 | Orc:1    | Noticed an orc sorcerer
 14422 | Orc:1    | Paralysed by an orc sorcerer for 2 turns
 14455 | D:10     | Noticed an orange demon
 14591 | D:10     | Noticed an orange demon
 14614 | D:10     | Gained mutation: You have hidden genetic defects. [a
                  | neqoxec]
 14624 | D:10     | Gained mutation: Your body sometimes deteriorates upon
                  | taking damage. [a neqoxec]
 14625 | D:10     | Gained mutation: You have terrible hidden genetic defects.
                  | [a neqoxec]
 14638 | D:10     | Noticed an orange demon
 14815 | D:10     | Killed an orc sorcerer
 15077 | Orc:1    | Noticed a two-headed ogre
 15114 | Orc:1    | Killed a two-headed ogre
 15115 | Orc:1    | Reached skill level 13 in Spellcasting
 15142 | Orc:1    | Gained mutation: You are frail. (-10% HP) [hidden defects]
 15345 | Orc:2    | Entered Level 2 of the Orcish Mines
 15403 | Orc:2    | Reached XP level 11. HP: 44/44 MP: 29/29
 15418 | Orc:2    | Found Tavvo's Armour Emporium.
 15420 | Orc:2    | Found a staircase to the Elven Halls.
 15430 | Elf:1    | Entered Level 1 of the Elven Halls
 15430 | Elf:1    | Noticed a deep elf pyromancer
 15430 | Elf:1    | Noticed a deep elf pyromancer
 15430 | Elf:1    | Noticed a deep elf pyromancer
 15430 | Elf:1    | Noticed a deep elf zephyrmancer
 15430 | Elf:1    | Noticed a deep elf zephyrmancer
 15652 | Orc:2    | Noticed a minotaur
 15653 | Orc:2    | Noticed NiggerDarts's ghost (journeyman HuFi)
 15661 | Orc:2    | Noticed an orc knight
 15675 | Orc:2    | Found a runed translucent gate.
 15675 | Orc:2    | Found a runed translucent gate.
 15675 | Orc:2    | Found a runed translucent gate.
 16001 | Orc:2    | HP: 2/44 [minotaur/silver javelin (7)]
 16762 | D:10     | Gained mutation: You are very frail. (-20% HP) [hidden
                  | defects]
 16762 | D:10     | Lost mutation: You have terrible hidden genetic defects.
                  | [hidden defects expressed]
 16904 | D:10     | Was forgiven by Sif Muna
 17170 | D:10     | Learned a level 1 spell: Freeze
 17172 | D:10     | Learned a level 1 spell: Apportation
 17335 | D:10     | Gained mutation: You are clumsy. (Dex -2) [hidden defects]
 17597 | D:10     | Found a basalt altar of Yredelemnul.
 17634 | D:10     | Offered knowledge of Stone Arrow by Vehumet.
 18028 | D:11     | Reached skill level 5 in Short Blades
 18261 | D:11     | Gained mutation: You tend to lose your temper in combat.
                  | [hidden defects]
 18261 | D:11     | Lost mutation: You have hidden genetic defects. [hidden
                  | defects expressed]
 18352 | D:11     | Learned a level 3 spell: Stone Arrow
 18356 | D:11     | Learned a level 3 spell: Swiftness
 18415 | D:11     | Noticed a two-headed ogre
 18448 | D:11     | Killed a two-headed ogre
 18485 | D:11     | Reached *** piety under Vehumet
 18836 | D:11     | Noticed an eight-headed hydra
 18873 | D:11     | Killed an eight-headed hydra
 18982 | D:11     | Reached XP level 12. HP: 31/44 MP: 30/30
 19172 | D:13     | Noticed a centaur warrior
 19312 | D:12     | Noticed a boulder beetle
 19441 | D:11     | Killed a boulder beetle
 19756 | D:12     | Noticed Rupert
 19945 | D:12     | Paralysed by Rupert for 4 turns
 20051 | D:12     | Paralysed by Rupert for 2 turns
 20067 | D:12     | Paralysed by Rupert for 3 turns
 20105 | D:12     | Slain by Rupert

Illustrated notes

Levels and vault maps discovered:
D:1:      saegor_arrival_fortress, layout_basic, minmay_strange_pillars
D:2:      layout_rooms, uniq_sigmund
D:3:      layout_loops_ring
D:4:      layout_rooms, lemuel_crystal_altar, mainiacjoe_overflow_tiny_flanked,
          item_on_display_a
D:5:      layout_gridville, gammafunk_ghost_smash
D:6:      kennysheep_spiral_hall, layout_gridville,
          nicolae_overflow_hidden_temple, minmay_temple_entry_glass
D:7:      layout_loops_cross, grunt_temple_overflow_lords_of_destruction,
          kennysheep_mini, chequers_serial_rivers_large_b
D:8:      layout_cave_pods, erik_lair_orcish_takeover,
          hellmonk_ghost_happy_afterlife
D:9:      layout_grid_maze, ashenzari_conservatory_becter,
          minmay_misc_feat_plants, uniq_grum
D:10:     layout_irregular_city, nicolae_yredelemnul_corpse_copse, orc_0_dummy
D:11:     layout_small_grid
D:12:     layout_irregular_city, uniq_rupert
D:13:     layout_basic, pf_eden
Temple:   eino_temple_lava
Lair:1:   layout_hall_layers, gammafunk_ghost_abyssal_escape,
          nicolae_volcano_entry_hallway, nzn_masters_of_martial_movement,
          grunt_megastairs_4, lemuel_fruit_fields, uniq_joseph
Orc:1:    layout_caves
Orc:2:    st_orc_pillars, layout_caves, serial_shops, shop,
          maelrawn_ghost_gauntlet_escape
Elf:1:    eino_elf_arrival_sip, layout_loops_cross,
          infiniplex_enter_wizlab_water, serial_shops,
          nicolae_shop_behind_doors, nicolae_shop_bloodbath_and_beyond, shop,
          shop, evilmike_minifort, hex_medium, uniq_asterion

Skill      XL: |  1  2  3  4  5  6  7  8  9 10 11 |
---------------+----------------------------------+-----
Conjurations   | 3 4 5 6 7 8 9 |  9.1
Spellcasting   | 3 4 6 7 9 11 13 | 13.8
Dodging        | 3 4 5 7 9 |  9.5
Stealth        | 4 5 |  5.8
Shields        | 1 2 3 |  3.7
Short Blades   | 1 2 6 |  6.7
Evocations     | 2 |  2.1
Air Magic      | 1 |  1.6
Fighting       | 1 2 |  2.9

Action                   |  1- 3 |  4- 6 |  7- 9 | 10-12 || total
-------------------------+-------+-------+-------+-------++-------
Melee: Club              |     1 |       |       |       ||     1
       Short sword       |       |     6 |     3 |   398 ||   407
 Cast: Magic Dart        |    76 |    80 |   128 |   109 ||   393
       Searing Ray       |     8 |    13 |   174 |   288 ||   483
       Dazzling Flash    |       |       |     1 |     4 ||     5
       Shock             |       |       |       |   119 ||   119
Evoke: Wand              |       |       |     8 |     4 ||    12
       Box of beasts     |       |       |       |     1 ||     1
  Use: Scroll            |       |     5 |     5 |     6 ||    16
 Stab: Distracted        |       |       |     1 |       ||     1
Armor: Robe              |     3 |     3 |    23 |   208 ||   237
Dodge: Dodged            |    13 |     9 |    64 |   510 ||   596
Block: Buckler           |     2 |    10 |    32 |   167 ||   211
